 Dungeon Crawl Stone Soup version 0.30-a0-250-g41c1d76940 (webtiles) character file.

Game seed: 32330860537784424

111 ytrimaz the Chopper (level 5, -5/40 HPs)
             Began as a Djinni Fighter on Oct 12, 2022.
             Slain by a gnoll
             ... wielding a +0 flail
              (7 damage)
             ... on level 2 of the Dungeon.
             The game lasted 00:01:48 (1427 turns).

ytrimaz the Chopper (Djinni Fighter)                Turns: 1427, Time: 00:01:49

Health: -5/40      AC:  5    Str: 15    XL:     5   Next: 15%
Gold:   62         EV:  9    Int: 11    God:
                   SH:  4    Dex: 13

rFire   + + .      SeeInvis .    a - +0 war axe (vamp)
rCold   x . .      Faith    .    c - +0 buckler
rNeg    . . .      Spirit   .    f - +0 ring mail {Will+}
rPois   ∞          Reflect  .    (no helmet)
rElec   .          Harm     .    (no cloak)
rCorr   .          Rampage  .    (no gloves)
Will    +....                    (boots unavailable)
Stlth   +.........               (no amulet)
HPRegen 0.26/turn                (no ring)
MPRegen 0.00/turn                (no ring)

@: flying
A: sickness immunity, fire resistance 2, cold vulnerability 1, float, innate
caster, HP casting, extra vitality 1
a: no special abilities


You were on level 2 of the Dungeon.
You visited 1 branch of the dungeon, and saw 2 of its levels.

You collected 62 gold pieces.


Innate Abilities, Weirdness & Mutations

You are immune to sickness and miasma.
You are immune to poison.
Your flesh is very heat resistant. (rF++)
You are vulnerable to cold. (rC-)
You float through the air rather than walking.
You learn spells naturally, not from books.
Your magical power is your life essence.
You have superior vitality. (+4 MHP)


   Skills:
 - Level 3.0 Fighting
 * Level 4.1 Axes
 - Level 3.0 Armour
 - Level 3.0 Shields


You had one spell level left.
You knew the following spells:

 Your Spells              Type           Power      Damage    Failure   Level
a - Slow                  Hex            0%         N/A       65%         1
b - Poisonous Vapours     Pois/Air       0%         N/A       80%         2
Your spell library was empty.

Inventory:

Hand Weapons
 a - a +0 vampiric war axe (weapon)
Armour
 c - a +0 buckler (worn)
 f - a +0 ring mail of willpower (worn)
   (You found it on level 1 of the Dungeon)
Scrolls
 b - a scroll of teleportation
 g - a scroll of vulnerability
 i - 3 scrolls of identify
Potions
 d - 2 potions of might
 e - 2 potions of mutation

Dungeon Overview and Level Annotations

Branches:
Dungeon (2/15) Zot: 10518

Altars:

Annotations:
D:2 Jessica

### #..# # # #..# .#
# #..######..###
#######.............
#. #.........##.#...
... #.#####.....##
.. #.# #.##.##
##.#.#. ..# #.#.##
##g@..... ..#
#.##.## ##@##.#.#
#.#
#.###.###.g.......
#.#
#.####.#.#...##.##
#.. ###........###.#
...##.......#..# .#
.#.##.#####.#..# .#
. ##.# ##.#..###....
#..........#
#..........#


You could see 2 gnolls and Jessica.


Message History

You barely miss the gnoll. You block the gnoll's attack.
Unknown command.
You hit the gnoll.
You feel better.
The gnoll splashes around in the water. 😕 HP[+5]
You regained 5 hp, and now have 34/35 hp.
You hit the gnoll but do no damage. The gnoll barely misses you.
The gnoll hits you with a +0 spear. 😕 HP[-4]
You take 4 damage, and now have 30/35 hp.
Unknown command.
Unknown command.
You hit the gnoll.
You feel better.
You kill the gnoll!
You hear a splash.
Your Axes skill increases to level 4!
You have reached level 5!
The power to cast Poisonous Vapours wells up from within.
Spell assigned to 'b'. 😕 HP[+6]
You now have 40 max hp (+5).
You regained 6 hp, and now have 36/40 hp.
You see here a +0 spear.
g - a scroll labelled ENUMUU UTSAISA
Things that are here:
a +0 club; a +0 flail; a gnoll corpse 😎 HP[+4]
Your hp is fully restored (40).
Unknown command.
You see here Great Wizards, Vol.
VII.
Key pressed, stopping explore.
Key pressed, stopping explore.
Unknown command.
You now have 62 gold pieces (gained 13).
i - 4 scrolls of identify (gained 3) Key pressed, stopping explore.
The endoplasm quivers.
A gnoll comes into view. It is wielding a +0 spear.
A gnoll is nearby!
A gnoll is nearby!
Casting: Slow (safe; 65% risk of failure)
Confirm with . or Enter, or press ? or * to list all spells.
Okay, then.
A gnoll is nearby!
A gnoll is nearby!
A gnoll is nearby!
Unknown command.
As you read the scroll of identify, it crumbles to dust.
g - a scroll of vulnerability The gnoll shouts!
You hear a shout! x2
A gnoll is nearby!
A gnoll is nearby! 2 gnolls come into view.
The gnoll shouts!
You hear a shout!
The gnoll hits you from afar with a +0 spear! 😕 HP[-8]
You take 8 damage, and now have 32/40 hp.
The gnoll hits you with a +0 spear! 😮 HP[-7]
You take 7 damage, and now have 25/40 hp.
You are too injured to fight recklessly!
You slash the gnoll!
You are too injured to fight recklessly!
Unknown command.
You closely miss the gnoll. You hit the gnoll.
You feel better.
You kill the gnoll!
The gnoll hits you with a +0 flail!
* * * LOW HITPOINT WARNING * * *
😨 HP[-7]
You take 7 damage, and now have 18/40 hp.
You are too injured to fight recklessly!
You closely miss the gnoll. The gnoll hits you with a +0 flail.
* * * LOW HITPOINT WARNING * * *
Jessica the Apprentice Sorceress comes into view.
She is wielding a +0 dagger. 😨 HP[-1]
You take 1 damage, and now have 17/40 hp.
You are too injured to fight recklessly!
Jessica shouts!
The gnoll hits you with a +0 flail.
* * * LOW HITPOINT WARNING * * *
The gnoll hits you with a +0 long sword!
* * * LOW HITPOINT WARNING * * *
😱 HP[-13]
You take 13 damage, and now have 4/40 hp.
MASSIVE DAMAGE!! (PAUSE)
You are too injured to fight recklessly!
You are too injured to fight recklessly!
Unknown command.
Okay, then.
Okay, then.
Unknown command.
You hit the gnoll.
You feel better.
You hit the gnoll.
You feel better.
You block the gnoll's attack. x2 😱 HP[+5]
You regained 5 hp, and now have 9/40 hp.
Unknown command.
You slash the gnoll!
You feel better.
You hit the gnoll.
The gnoll hits you with a +0 long sword!
* * * LOW HITPOINT WARNING * * *
The gnoll hits you with a +0 flail!
You die...

Skill      XL: |  1  2  3  4 |
---------------+-------------+-----
Axes           | 2 3 4 |  4.1
Fighting       | |  3.0
Armour         | |  3.0
Shields        | |  3.0

Action                   |  1- 3 |  4- 6 || total
-------------------------+-------+-------++-------
Melee: War axe           |    92 |    43 ||   135
  Use: Scroll            |     1 |     4 ||     5
Armor: Scale mail        |    22 |       ||    22
       Ring mail         |    32 |    11 ||    43
Dodge: Dodged            |    55 |    16 ||    71
Block: Buckler           |    22 |     9 ||    31

Levels and vault maps discovered:
D:1:      matt_arrival_grand_opening, layout_basic, nicolae_wormholes
D:2:      layout_loops_ring, chequers_big_river, due_unseen_surprise,
          uniq_natasha, uniq_terence, uniq_jessica

Notes
Turn   | Place    | Note
-------+----------+-------------------------------------------
     0 | D:1      | ytrimaz the Djinni Fighter began the quest for the Orb.
     0 | D:1      | Reached XP level 1. HP: 20/20 MP: 0/0
     0 | D:1      | magus.rc [v1.9.6]
    44 | D:1      | Reached skill level 2 in Axes
    47 | D:1      | Reached XP level 2. HP: 24/25 MP: 0/0
   109 | D:1      | HP: 3/25 [worm (9)]
   283 | D:1      | Reached XP level 3. HP: 25/30 MP: 0/0
   283 | D:1      | Learned a level 1 spell: Slow
   365 | D:1      | Reached skill level 3 in Axes
  1034 | D:1      | Reached XP level 4. HP: 35/35 MP: 0/0
  1321 | D:2      | Reached skill level 4 in Axes
  1321 | D:2      | Reached XP level 5. HP: 36/40 MP: 0/0
  1321 | D:2      | Learned a level 2 spell: Poisonous Vapours
  1424 | D:2      | Noticed Jessica
  1425 | D:2      | HP: 4/40 [gnoll/+0 long sword (10)]
  1427 | D:2      | Slain by a gnoll

Vanquished Creatures
  6 gnolls
  A worm (D:1)
  A dart slug (D:1)
  2 ball pythons (D:1)
  4 bats (D:1)
  4 endoplasms
  A giant cockroach (D:1)
  4 goblins (D:1)
  3 hobgoblins (D:1)
  8 jackals (D:1)
  2 frilled lizards
  6 kobolds
  3 rats (D:1)
45 creatures vanquished.

Vanquished Creatures (others)
  2 plants (D:2)
2 creatures vanquished.

Grand Total: 47 creatures vanquished

Table legend:
 A = Non-vault XP
 B = Vault XP
 C = Vault XP percentage of total XP
 D = Non-vault monster count
 E = Vault monster count
 F = Vault count percentage of total count
                 A         B        C        D         E       F
            +---------+---------+-------+---------+---------+-------
      Total |     154 |       5 |   3.1 |      44 |       1 |   2.2
            +---------+---------+-------+---------+---------+-------
        D:1 |      75 |       5 |   6.2 |      35 |       1 |   2.8
        D:2 |      79 |       0 |   0.0 |       9 |       0 |   0.0
            +---------+---------+-------+---------+---------+-------

Illustrated notes

Table legend:
 A = Kills in this place as a percentage of kills in entire the game.
 B = Kills by you in this place as a percentage of kills by you in the entire game.
 C = Kills by friends in this place as a percentage of kills by friends in the entire game.
 D = Other kills in this place as a percentage of other kills in the entire game.
 E = Experience gained in this place as a percentage of experience gained in the entire game.
 F = Experience gained in this place divided by the number of levels of this place that you have seen.
                   A       B       C       D       E      F
               +-------+-------+-------+-------+-------+----------------------
         Total | 100.0 | 100.0 |   N/A |   N/A | 100.0 |  79.5
       Dungeon | 100.0 | 100.0 |   N/A |   N/A | 100.0 |  79.5
               +-------+-------+-------+-------+-------+----------------------

Table legend: (Time is in decaauts)
 A = Elapsed time spent in this place.
 B = Non-inter-level travel time spent in this place.
 C = Inter-level travel time spent in this place.
 D = Time resting spent in this place.
 E = Time spent auto-exploring this place.
 F = Levels seen in this place.
 G = Mean time per level.
                   A        B        C        D        E       F      G
               +--------+--------+--------+--------+--------+-----+--------+
         Total |   1480 |   1432 |     48 |      0 |   1081 |   2 |  740.0 |
       Dungeon |   1480 |   1432 |     48 |      0 |   1081 |   2 |  740.0 |
               +--------+--------+--------+--------+--------+-----+--------+

Top non-repeatable levels by time:
     D:1: 1308 daAuts
     D:2: 171 daAuts
